 Dungeon Crawl Stone Soup version 0.31.0-1-g2c135a008e (webtiles) character file.

Game seed: 3670328554300612251

83 qw the Shooter (level 4, 0/35 HPs)
             Began as a Djinni Hunter on Jan 23, 2024.
             Slain by an orc
             ... wielding a +0 trident
              (3 damage)
             ... on level 3 of the Dungeon.
             The game lasted 00:00:08 (1865 turns).

qw the Shooter (Djinni Hunter)                      Turns: 1865, Time: 00:00:08

Health: 0/35       AC:  7    Str: 10    XL:     4   Next: 71%
Gold:   73         EV: 11    Int: 11    God:
                   SH:  0    Dex: 18

rFire   + + .        a - +0 shortbow
rCold   x . .        (shield currently unavailable)
rNeg    . . .        l - +0 ring mail
rPois   inf          f - +0 helmet
rElec   .            j - +0 cloak
rCorr   +            (no gloves)
SInv    .            (boots unavailable)
Will    .....        (no amulet)
Stlth   +            e - ring of resist corrosion
HPRegen 0.25/turn    (no ring)
MPRegen 0.00/turn

%: infuse magic (-1 HP)
@: flying
A: sickness immunity, fire resistance 2, cold vulnerability 1, float, innate
caster, HP casting, extra vitality 1
a: no special abilities


You were on level 3 of the Dungeon.
You visited 1 branch of the dungeon, and saw 3 of its levels.

You collected 73 gold pieces.


Innate Abilities, Weirdness & Mutations

You are immune to sickness and miasma.
You are immune to poison.
Your flesh is very heat resistant. (rF++)
You are vulnerable to cold. (rC-)
You float through the air rather than walking.
You learn spells naturally, not from books.
Your magical power is your life essence.
You have superior vitality. (+4 MHP)


   Skills:
 - Level 3.2 Fighting
 - Level 4.0 Ranged Weapons
 + Level 0.7 Armour
 - Level 2.6 Dodging
 - Level 0.7 Stealth


You knew the following spells:

 Your Spells              Type           Power      Damage    Failure   Level
a - Sandblast             Erth           0%         2d4       67%         1
Your spell library was empty.

Inventory:

Hand Weapons
 a - a +0 shortbow (weapon)
Armour
 f - a +0 helmet (worn)
 j - a +0 cloak (worn)
 l - a +0 ring mail (worn)
Jewellery
 d - a ring of protection from fire
 e - a ring of resist corrosion (left hand)
 k - a +4 ring of slaying {mikee}
Wands
 c - a wand of flame (20)
Potions
 b - a potion of resistance
 g - a potion of haste
 h - a potion of heal wounds {unknown}
 i - a potion of curing {unknown}

Dungeon Overview and Level Annotations

Branches:
Dungeon (3/15)

Altars:


Message History

You shoot an arrow.
The arrow closely misses the orc priest.
The orc priest hits you with a +0 dagger.
You shoot an arrow.
The arrow hits the orc priest but does no damage.
The orc priest calls down the wrath of Beogh upon you.
Beogh smites you!
You shoot an arrow. The arrow hits the orc priest.
The orc priest is lightly wounded.
The orc priest hits you with a +0 dagger.
You shoot an arrow. The arrow hits the orc priest.
The orc priest is moderately wounded.
The orc priest hits you with a +0 dagger.
You shoot an arrow. The arrow hits the orc priest.
The orc priest is heavily wounded.
The orc hits you but does no damage.
The orc priest hits you but does no damage.
Something hits you.
You shoot an arrow. The arrow hits the orc priest.
The orc priest is heavily wounded.
The orc hits you from afar with a +0 trident.
The orc priest barely misses you. Something hits you but does no damage.
You hear some strange, mumbled words.
A puff of flame appears from out of thin air!
The puff of flame misses you.
The orc priest hits you but does no damage.
The orc barely misses you.
You shoot an arrow. The arrow hits the orc priest.
The orc priest is almost dead.
The orc priest closely misses you. Something hits you.
The orc hits you but does no damage.
You shoot an arrow.
The arrow hits the orc priest but does no damage.
The orc priest is almost dead.
The orc hits you from afar with a +0 trident.
The orc priest barely misses you. Something barely misses you.
You shoot an arrow.
The arrow closely misses the orc priest.
The orc hits you from afar with a +0 trident.
You die...

...######.# ...# #.#
#.## #.# #.# ##.## ..#
#...# #.# #...#######
(.## #.........#
...#####....####.#
###............#@# #
#.............o{o..#
###.......<)...#.###.#
...#####....####.# #.
#### #.........# #...
#.#.##########.. #...#
#.....### ##.##
..8.8...# ###### #.#
.....8.####


You could see an orc priest and an orc.

Vanquished Creatures
  Robin (D:2)
  4 dart slugs
  2 orcs (D:3)
  3 endoplasms
  7 giant cockroaches (D:1)
  14 goblins
  6 hobgoblins
  4 ball pythons (D:1)
  5 bats
  5 kobolds
  3 rats
54 creatures vanquished.

Notes
Turn   | Place    | Note
-------+----------+-------------------------------------------
     0 | D:1      | qw the Djinni Hunter began the quest for the Orb.
     0 | D:1      | Reached XP level 1. HP: 18/18 MP: 0/0
     0 | D:1      | 0 ||| qw: Version: 0.3-a-134-g2ba4250
     0 | D:1      | 0 ||| qw: Game counter: 772
     0 | D:1      | 0 ||| qw: Melee chars always use a shield: true
     0 | D:1      | 0 ||| qw: God list: Okawaru
     0 | D:1      | 0 ||| qw: Allow faded altars: false
     0 | D:1      | 0 ||| qw: Do Orc after clearing Dungeon:15 true
     0 | D:1      | 0 ||| qw: Do second Lair branch before Depths: true
     0 | D:1      | 0 ||| qw: Lair rune preference: random
     0 | D:1      | 0 ||| qw: Goals: Normal
     0 | D:1      | 0 ||| PLANNING D:1-11
   177 | D:1      | Reached XP level 2. HP: 21/23 MP: 0/0
   294 | D:1      | Reached skill level 4 in Ranged Weapons
   294 | D:1      | Reached XP level 3. HP: 28/28 MP: 0/0
   294 | D:1      | Learned a level 1 spell: Sandblast
   378 | D:1      | Noticed an eye of devastation
   381 | D:1      | Found a faded altar of an unknown god.
   383 | D:1      | Noticed a glass eye
   383 | D:1      | Noticed a golden eye
   383 | D:1      | Noticed a glass eye
   862 | D:1      | 862 ||| UPGRADING to +0 cloak.
   867 | D:1      | 867 ||| READING 3 scrolls labelled RELAN QUGRIYCK.
   868 | D:1      | 868 ||| READING scroll labelled DELLIOMIMU.
   868 | D:1      | 868 ||| IDENTIFYING glowing blue potion
   869 | D:1      | 869 ||| READING scroll labelled HOICEZXU BEAF.
   872 | D:1      | 872 ||| READING scroll labelled GETATW EHOJISU.
   873 | D:1      | 873 ||| DROPPING scroll of butterflies.
   874 | D:1      | 874 ||| DROPPING 2 scrolls of noise.
   875 | D:1      | 875 ||| DROPPING potion of brilliance.
   956 | D:2      | Noticed Robin
   957 | D:2      | 957 ||| RETREEEEATING.
   958 | D:2      | 958 ||| RETREEEEATING.
   968 | D:2      | 968 ||| RETREEEEATING.
   971 | D:2      | 971 ||| RETREEEEATING.
   972 | D:2      | 972 ||| RETREEEEATING.
   973 | D:2      | 973 ||| RETREEEEATING.
   976 | D:2      | 976 ||| RETREEEEATING.
   990 | D:2      | HP: 7/29 [Robin/+0 spear (5)]
   991 | D:2      | Killed Robin
   992 | D:2      | Reached skill level 3 in Fighting
   992 | D:2      | Reached XP level 4. HP: 9/35 MP: 0/0
  1074 | D:2      | 1074 ||| FLEEEEING.
  1495 | D:2      | 1495 ||| UPGRADING to +0 helmet.
  1500 | D:2      | 1500 ||| UPGRADING to +0 ring mail.
  1510 | D:2      | 1510 ||| DROPPING +0 leather armour.
  1511 | D:2      | 1511 ||| UPGRADING to ring of resist corrosion.
  1512 | D:2      | 1512 ||| READING scroll of identify.
  1512 | D:2      | 1512 ||| IDENTIFYING sedimented yellow potion
  1513 | D:2      | 1513 ||| READING scroll labelled MOKHIEF JAUGOG.
  1614 | D:2      | 1614 ||| DRINKING 2 smoky inky potions.
  1861 | D:3      | HP: 7/35 [something (2)]
  1864 | D:3      | HP: 3/35 [orc/+0 trident (1)]
  1865 | D:3      | Slain by an orc

Levels and vault maps discovered:
D:1:      psy_arrival_spokes, layout_basic,
          hellmonk_ecumenical_altar_watching_god, minmay_worlds_worst_comb
D:2:      layout_rooms, uniq_robin
D:3:      layout_loops_cross, zin_statuary, gammafunk_ghost_smash

Skill      XL: |  1  2  3 |
---------------+----------+-----
Ranged Weapons | 4 |  4.0
Fighting       | 3 |  3.2
Armour         | |  0.7
Dodging        | |  2.6
Stealth        | |  0.7

Action                     |  1- 3 |  4- 6 || total
---------------------------+-------+-------++-------
   Fire: Shortbow          |    85 |    53 ||   138
    Use: Scroll            |     4 |     2 ||     6
         Potion            |       |     1 ||     1
 Armour: Leather armour    |    24 |     4 ||    28
         Ring mail         |       |    24 ||    24
  Dodge: Dodged            |    24 |    17 ||    41

Table legend:
 A = Non-vault XP
 B = Vault XP
 C = Vault XP percentage of total XP
 D = Non-vault monster count
 E = Vault monster count
 F = Vault count percentage of total count
                 A         B        C        D         E       F
            +---------+---------+-------+---------+---------+-------
      Total |      72 |      47 |  39.5 |      37 |      17 |  31.5
            +---------+---------+-------+---------+---------+-------
        D:1 |      29 |      12 |  29.3 |      15 |       6 |  28.6
        D:2 |      28 |      35 |  55.6 |      14 |      11 |  44.0
        D:3 |      15 |       0 |   0.0 |       8 |       0 |   0.0
            +---------+---------+-------+---------+---------+-------
